[Event "Titled Tuesday Blitz February 22 Late 2022"]
[White "Tomiello, Mateus Costamilan"]
[Black "Hambleton, Aman"]
[WhiteFideId "22701958"]
[BlackFideId "2606577"]
[WhiteElo "1975"]
[BlackElo "2552"]
[Result "0-1"]
[Round "06"]
[TimeControl "180+1"]
[Date "2022.02.23"]
[WhiteClock "0:00:06"]
[BlackClock "0:00:05"]

1. e4 b6 2. d4 Bb7 3. Nc3 e6 4. Bd3 Nf6 5. Nf3 Bb4 6. Qe2 d5 7. e5 Ne4 8. O-O Nxc3 9. bxc3 Bxc3 10. Rb1 Nc6 11. Qe3 h6 12. Bb5 Ba5 13. c4 a6 14. cxd5 axb5 15. dxc6 Bxc6 16. Ba3 Qd5 17. Rfc1 Bd2 18. Qxd2 Rxa3 19. Qc2 Kd7 20. Rb2 Rha8 21. Qh7 Rxf3 22. gxf3 Qxf3 23. Rxc6 Qd1+ 24. Kg2 Qg4+ 25. Kf1 Kxc6 26. Qd3 Kb7 27. f3 Qh3+ 28. Kg1 Qf5 29. Qxb5 Qxf3 30. Qc4 Qc6 31. Qd3 Ra4 32. Rc2 Qd5 33. Rd2 Rc4 34. Qg3 g5 35. Qd3 Rc1+ 36. Kf2 Rh1 37. Qg3 h5 38. Qxg5 Rxh2+ 39. Ke3 Rxd2 40. Kxd2 Qxd4+ 41. Kc2 Qc4+ 42. Kb2 Qg4 43. Qe3 Qg2+ 44. Kc3 h4 45. Qd3 h3 46. Qh7 h2 0-1


[Site "https://www.chess.com"]

[Event "Titled Tuesday Blitz February 22 Late 2022"]
[White "Tregubov, Pavel V."]
[Black "Mogranzini, Roberto"]
[WhiteFideId "4115341"]
[BlackFideId "810894"]
[WhiteElo "2341"]
[BlackElo "2469"]
[Result "1-0"]
[Round "06"]
[TimeControl "180+1"]
[Date "2022.02.23"]
[WhiteClock "0:00:14"]
[BlackClock "0:00:15"]

1. e4 d6 2. d4 Nf6 3. Nc3 e5 4. Nf3 exd4 5. Nxd4 Be7 6. Be2 O-O 7. O-O Re8 8. Re1 Bf8 9. Bf1 c6 10. a4 a5 11. h3 Na6 12. Bf4 Nc5 13. f3 Qb6 14. Rb1 d5 15. e5 Nh5 16. Bh2 Ne6 17. Ne2 Nxd4 18. Nxd4 c5 19. Nb5 c4+ 20. Kh1 g6 21. b3 Qf2 22. Qxd5 Be6 23. Qd4 Ng3+ 24. Bxg3 Qxg3 25. bxc4 Red8 26. Nd6 Bxd6 27. exd6 Rxd6 28. Qe5 Qxe5 29. Rxe5 b6 30. c5 bxc5 31. Rxc5 Rd4 32. Bb5 Rd2 33. Bd3 Bd7 34. Ra1 Ra7 35. Kg1 Bf5 36. Bxf5 gxf5 37. Re1 Rad7 38. Ree5 f4 39. Re4 R7d4 40. Rxd4 Rxd4 41. Rxa5 Rd2 42. Rc5 Rd1+ 43. Kf2 Ra1 44. a5 Kg7 45. g3 fxg3+ 46. Kxg3 Ra4 47. c4 Kf6 48. Kf4 Ke6 49. Ke4 Kd6 50. Rd5+ Kc6 51. Kd4 Ra3 52. Rf5 Kd7 53. Rxf7+ Ke6 54. Rxh7 Rxf3 55. Rh6+ Kd7 56. a6 Ra3 57. Kc5 Ra5+ 58. Kb6 1-0


[Site "https://www.chess.com"]

[Event "Titled Tuesday Blitz February 22 Late 2022"]
[White "Van Foreest, Jorden"]
[Black "Deac, Bogdan-Daniel"]
[WhiteFideId "1039784"]
[BlackFideId "1226380"]
[WhiteElo "2609"]
[BlackElo "2646"]
[Result "0-1"]
[Round "06"]
[TimeControl "180+1"]
[Date "2022.02.22"]
[WhiteClock "0:00:08"]
[BlackClock "0:00:07"]

1. e4 e5 2. Nf3 Nf6 3. Nc3 Nc6 4. Nd5 Be7 5. Bc4 Nxe4 6. d4 d6 7. O-O Nf6 8. Re1 O-O 9. dxe5 dxe5 10. Nxe5 Nxd5 11. Qxd5 Qxd5 12. Bxd5 Nxe5 13. Rxe5 Bf6 14. Re1 c6 15. Bb3 Bf5 16. c3 Rfe8 17. Rxe8+ Rxe8 18. Be3 a6 19. Rd1 Rd8 20. Re1 Re8 21. f3 Bg5 22. Kf2 Bxe3+ 23. Rxe3 Kf8 24. g4 Bd7 25. Rd3 Re7 26. h4 Ke8 27. Rd4 Be6 28. Bc2 h6 29. a3 Rd7 30. Ke3 Ke7 31. Re4 Kf6 32. a4 a5 33. b4 b6 34. bxa5 bxa5 35. g5+ hxg5 36. hxg5+ Ke7 37. Bb3 Rd6 38. Re5 Kd7 39. Bxe6+ Rxe6 40. Kd4 Rd6+ 41. Kc4 f6 42. Rxa5 fxg5 43. Rxg5 g6 44. a5 Rf6 45. a6 Kc7 46. Kc5 Rxf3 47. c4 Rf5+ 48. Rxf5 gxf5 49. a7 Kb7 50. a8=Q+ Kxa8 51. Kxc6 f4 52. c5 f3 53. Kd7 f2 54. c6 f1=Q 55. c7 Qf5+ 56. Kd8 Kb7 0-1


[Site "https://www.chess.com"]

[Event "Titled Tuesday Blitz February 22 Late 2022"]
[White "Vargas Pereda, Jesus Manue"]
[Black "Nikologorsky, Matfei"]
[WhiteFideId "5115710"]
[BlackFideId "24102474"]
[WhiteElo "1747"]
[BlackElo "2231"]
[Result "0-1"]
[Round "06"]
[TimeControl "180+1"]
[Date "2022.02.23"]
[WhiteClock "0:00:07"]
[BlackClock "0:00:39"]

1. d4 Nf6 2. Bf4 g6 3. Nc3 d5 4. f3 c5 5. Nb5 Na6 6. e3 Bg7 7. Bd3 O-O 8. Qd2 Nh5 9. Bg5 cxd4 10. Nxd4 Nc5 11. O-O-O Nxd3+ 12. Qxd3 Nf6 13. h4 Qa5 14. Kb1 e5 15. Nb3 Qb6 16. h5 e4 17. Qd2 a5 18. hxg6 hxg6 19. g4 a4 20. Nd4 Re8 21. Qh2 exf3 22. Bxf6 Qxf6 23. Ngxf3 Bxg4 24. Rdf1 Rxe3 25. Qh7+ Kf8 26. c3 Bxf3 27. Rxf3 Rxf3 28. Nxf3 Qxf3 29. Qh2 Re8 30. Qd6+ Kg8 31. Qh2 a3 32. Qh7+ Kf8 33. Qh2 axb2 34. Qxb2 Qxh1+ 0-1


[Site "https://www.chess.com"]

[Event "Titled Tuesday Blitz February 22 Late 2022"]
[White "Vidit, Santosh Gujrathi"]
[Black "Cardoso Cardoso, Jose Gabriel"]
[WhiteFideId "5029465"]
[BlackFideId "4430492"]
[WhiteElo "2654"]
[BlackElo "2451"]
[Result "1-0"]
[Round "06"]
[TimeControl "180+1"]
[Date "2022.02.22"]
[WhiteClock "0:00:03"]
[BlackClock "0:00:02"]

1. e4 g6 2. d4 Bg7 3. Nc3 d6 4. Be3 a6 5. Qd2 b5 6. Bd3 Nd7 7. h4 Ngf6 8. f3 c5 9. dxc5 dxc5 10. a4 c4 11. Be2 Rb8 12. axb5 axb5 13. Nh3 O-O 14. O-O b4 15. Nd1 Ne5 16. Qxd8 Rxd8 17. Nhf2 Be6 18. Bf4 Nfd7 19. Ne3 Ra8 20. Rfd1 Kf8 21. Rxa8 Rxa8 22. Bxe5 Nxe5 23. f4 Nc6 24. e5 Bh6 25. Bf3 Rc8 26. Bxc6 Rxc6 27. Rd8+ Kg7 28. g3 f6 29. exf6+ exf6 30. Ne4 c3 31. bxc3 bxc3 32. Rd3 Kf7 33. Nxc3 g5 34. hxg5 fxg5 35. f5 Bc8 36. Ne4 Ba6 37. Rd7+ Kg8 38. Ng4 Bg7 39. f6 Bf8 40. Nxg5 Rxc2 41. Ne6 Rc1+ 42. Kh2 Rc2+ 43. Kh3 Rc6 44. f7+ Kh8 45. Nxf8 h5 46. Ne5 Bf1+ 47. Kh2 Rc4 48. Nfg6+ Kg7 49. f8=Q# 1-0


[Site "https://www.chess.com"]

[Event "Titled Tuesday Blitz February 22 Late 2022"]
[White "Villegas, Pierre"]
[Black "Chabris, Christopher"]
[WhiteFideId "654183"]
[BlackFideId "2005263"]
[WhiteElo "2410"]
[BlackElo "2311"]
[Result "1-0"]
[Round "06"]
[TimeControl "180+1"]
[Date "2022.02.23"]
[WhiteClock "0:00:09"]
[BlackClock "0:00:04"]

1. d4 d5 2. c4 c6 3. Nf3 Nf6 4. e3 e6 5. b3 Ne4 6. Nbd2 Bb4 7. a3 Bc3 8. Rb1 c5 9. Bd3 cxd4 10. exd4 Nc6 11. O-O Nxd2 12. Bxd2 Bxd4 13. Nxd4 Nxd4 14. Qg4 Qf6 15. cxd5 e5 16. Qh5 g6 17. Qh6 Nf5 18. Bxf5 Bxf5 19. Bg5 Qd6 20. Qg7 Rf8 21. Rbe1 f6 22. Bh6 O-O-O 23. Rc1+ Kb8 24. Be3 Rd7 25. Qh6 1-0


[Site "https://www.chess.com"]

[Event "Titled Tuesday Blitz February 22 Late 2022"]
[White "Vlassov, Nikolai"]
[Black "Van den Dikkenberg, Erik"]
[WhiteFideId "4103360"]
[BlackFideId "1005880"]
[WhiteElo "2407"]
[BlackElo "2118"]
[Result "1-0"]
[Round "06"]
[TimeControl "180+1"]
[Date "2022.02.23"]
[WhiteClock "0:00:26"]
[BlackClock "0:00:30"]

1. e4 c5 2. c3 g6 3. d4 cxd4 4. cxd4 Bg7 5. Nc3 d6 6. Be3 Nf6 7. f3 O-O 8. h4 h5 9. Nh3 Bxh3 10. Rxh3 Nbd7 11. g4 hxg4 12. fxg4 e5 13. d5 Nc5 14. Qf3 Qb6 15. Rb1 Qb4 16. a3 Qb3 17. h5 Nfd7 18. h6 Bf6 19. Bxc5 dxc5 20. Bb5 Bg5 21. Bxd7 Qc2 22. Qe2 Qb3 23. Bb5 a6 24. Bc4 Qb6 25. h7+ Kg7 26. Rd1 Rh8 27. d6 Rxh7 28. Rxh7+ Kxh7 29. Bxf7 Rf8 30. Qh2+ Kg7 31. Qxe5+ Bf6 32. Qxf6+ Kxf6 33. Nd5+ Kxf7 34. Nxb6 Ke6 35. d7 Rd8 36. Ke2 g5 37. Ke3 Ke5 38. Rd5+ 1-0


[Site "https://www.chess.com"]

[Event "Titled Tuesday Blitz February 22 Late 2022"]
[White "Vovk, Orest"]
[Black "Batsiashvili, Nino"]
[WhiteFideId "14113490"]
[BlackFideId "13602993"]
[WhiteElo "2203"]
[BlackElo "2230"]
[Result "1-0"]
[Round "06"]
[TimeControl "180+1"]
[Date "2022.02.23"]
[WhiteClock "0:00:22"]
[BlackClock "0:00:03"]

1. h4 e5 2. h5 h6 3. d4 exd4 4. Qxd4 Qf6 5. Qxf6 Nxf6 6. Nc3 d5 7. e3 a6 8. Bd2 c5 9. O-O-O Nc6 10. f3 Be6 11. e4 d4 12. Nce2 O-O-O 13. Nf4 b5 14. Nxe6 fxe6 15. g3 Kb7 16. Bh3 e5 17. Bf5 c4 18. f4 Bd6 19. Nf3 Rhe8 20. Rde1 b4 21. Kb1 c3 22. Bc1 Bc7 23. fxe5 Bxe5 24. Nxe5 Nxe5 25. Bf4 d3 26. Bxe5 dxc2+ 27. Kc1 Rxe5 28. bxc3 Ra5 29. Kxc2 Rxa2+ 30. Kb3 Rdd2 31. Kxb4 Kc6 32. Ra1 a5+ 33. Kc4 Ne8 34. Rxa2 Rxa2 35. e5 Re2 36. Kd4 Nc7 37. Be4+ Kd7 38. Bf5+ Kc6 39. c4 Rd2+ 40. Ke3 Rb2 41. Rd1 a4 42. Rd6+ Kc5 43. Be4 Rb6 44. Rd7 Ne6 45. Bd5 a3 46. Ra7 Kb4 47. Bxe6 Rxe6 48. Kd4 Re8 49. Rb7+ Ka4 50. Ra7+ Kb3 51. c5 a2 52. c6 Rc8 53. Kd5 1-0


[Site "https://www.chess.com"]

[Event "Titled Tuesday Blitz February 22 Late 2022"]
[White "Warakomska, Anna"]
[Black "Mekhitarian, Krikor Sevag"]
[WhiteFideId "1130790"]
[BlackFideId "2107660"]
[WhiteElo "2062"]
[BlackElo "2598"]
[Result "0-1"]
[Round "06"]
[TimeControl "180+1"]
[Date "2022.02.22"]
[WhiteClock "0:00:01"]
[BlackClock "0:00:31"]

1. e4 c5 2. Nf3 g6 3. d4 cxd4 4. Nxd4 Nc6 5. c4 Nf6 6. Nc3 d6 7. Be2 Nxd4 8. Qxd4 Bg7 9. Be3 O-O 10. Qd2 a5 11. O-O a4 12. Bd4 Qa5 13. f4 Nxe4 14. Qe3 Bxd4 15. Qxd4 Nxc3 16. bxc3 Be6 17. Bd3 Qc5 18. Rae1 Rac8 19. f5 gxf5 20. Kh1 Qxd4 21. cxd4 Rfe8 22. d5 Bd7 23. Re3 e6 24. g4 fxg4 25. Bxh7+ Kg7 26. dxe6 Bxe6 27. Be4 Bxc4 28. Rf4 Be6 29. Rg3 Rc4 30. h3 d5 31. h4 Rxe4 0-1


[Site "https://www.chess.com"]

[Event "Titled Tuesday Blitz February 22 Late 2022"]
[White "Weber, Samuel"]
[Black "Bodnar, Nikolay"]
[WhiteFideId "12924008"]
[BlackFideId "14106469"]
[WhiteElo "2215"]
[BlackElo "2296"]
[Result "0-1"]
[Round "06"]
[TimeControl "180+1"]
[Date "2022.02.23"]
[WhiteClock "0:01:10"]
[BlackClock "0:01:21"]

1. c4 e5 2. g3 Nf6 3. Bg2 c6 4. d4 exd4 5. Qxd4 Na6 6. Nc3 Bc5 7. Qe5+ Qe7 8. Qxe7+ Bxe7 9. Nf3 Nb4 10. O-O d5 11. cxd5 Nbxd5 12. Bd2 O-O 13. Rfe1 Nxc3 14. Bxc3 Ne4 15. Bd4 Bf5 16. Ne5 Rfd8 17. Rad1 Bb4 18. f3 Bxe1 19. fxe4 Be6 20. Rxe1 Rxd4 21. b3 Rad8 22. Nd3 a5 23. Kf2 b6 24. Ke3 c5 25. Bf3 a4 26. Rb1 a3 27. Rc1 c4 28. bxc4 Rxc4 29. Rb1 Rc2 30. Nb4 Rb2 0-1


[Site "https://www.chess.com"]

[Event "Titled Tuesday Blitz February 22 Late 2022"]
[White "Wieczorek, Oskar"]
[Black "Tan, Jun Ying"]
[WhiteFideId "1133950"]
[BlackFideId "5710413"]
[WhiteElo "2319"]
[BlackElo "1827"]
[Result "0-1"]
[Round "06"]
[TimeControl "180+1"]
[Date "2022.02.23"]
[WhiteClock "0:00:02"]
[BlackClock "0:00:03"]

1. e4 c5 2. Nf3 Nc6 3. b4 Nxb4 4. c3 Nc6 5. d4 d5 6. exd5 Qxd5 7. Na3 Nf6 8. Nb5 Qd8 9. Bf4 Nd5 10. Bd2 a6 11. c4 Ndb4 12. d5 axb5 13. dxc6 bxc6 14. cxb5 Nd3+ 15. Bxd3 Qxd3 16. bxc6 Ba6 17. Ne5 Qe4+ 18. Be3 Rd8 19. c7 Rxd1+ 20. Rxd1 e6 21. Rd8+ Ke7 22. Rd7+ Kf6 23. Rxf7+ Kxe5 24. Kd2 Qd3+ 25. Kc1 Qc3+ 26. Kd1 Bd6 27. Re1 Kd5 28. Bd2 Qd3 29. Rf3 Qb1+ 30. Bc1 Kc6 0-1


[Site "https://www.chess.com"]

[Event "Titled Tuesday Blitz February 22 Late 2022"]
[White "Xiong, Jeffery"]
[Black "Maksimovic, Bojan"]
[WhiteFideId "2047640"]
[BlackFideId "14408120"]
[WhiteElo "2727"]
[BlackElo "2450"]
[Result "1-0"]
[Round "06"]
[TimeControl "180+1"]
[Date "2022.02.22"]
[WhiteClock "0:00:08"]
[BlackClock "0:00:04"]

1. c4 a6 2. g3 Nc6 3. Bg2 e5 4. Nc3 Bc5 5. a3 d6 6. b4 Ba7 7. d3 Nge7 8. Nf3 O-O 9. O-O h6 10. Rb1 Bd7 11. e3 Qc8 12. Re1 Bh3 13. Bh1 Kh8 14. d4 exd4 15. exd4 Nf5 16. Ne2 Bg4 17. Bb2 d5 18. cxd5 Nce7 19. Ne5 Bxe2 20. Rxe2 Qd8 21. Qd3 g6 22. Rbe1 Nxd5 23. Nxf7+ Rxf7 24. Re8+ Qxe8 25. Rxe8+ Rxe8 26. Bxd5 Rd7 27. Bxb7 Bxd4 28. Bc6 Re1+ 29. Kg2 Rd6 30. Qd2 Ree6 31. Bxd4+ Rxd4 32. Qc3 Kh7 33. Bf3 Re7 34. h4 h5 35. Qc5 Rd2 36. Bxh5 Re3 37. Kf1 Rxa3 38. Bg4 Raa2 39. Bxf5 gxf5 40. Qxf5+ Kg7 41. Qg5+ Kf7 42. Qf5+ Kg7 43. Qe5+ Kf7 44. Qf4+ Kg7 45. Qxc7+ Kg6 46. Qf4 Rd1+ 47. Kg2 Rdd2 48. Qg5+ Kf7 49. Qf5+ Ke7 50. h5 Rd6 51. Qh7+ Ke6 52. Qg8+ Ke5 53. Qxa2 Kf5 54. Qe2 Kg5 55. f4+ Kf5 56. Qe5+ Kg4 57. Qg5# 1-0


[Site "https://www.chess.com"]

[Event "Titled Tuesday Blitz February 22 Late 2022"]
[White "Yang, Kaiqi"]
[Black "Samarth, J Rao"]
[WhiteFideId "8604398"]
[BlackFideId "46652370"]
[WhiteElo "2373"]
[BlackElo "1514"]
[Result "1-0"]
[Round "06"]
[TimeControl "180+1"]
[Date "2022.02.23"]
[WhiteClock "0:00:34"]
[BlackClock "0:00:14"]

1. d4 d5 2. c4 e6 3. Nc3 c6 4. Nf3 Nf6 5. e3 Bd6 6. Qc2 Nbd7 7. g4 Nxg4 8. Rg1 Nxh2 9. Nxh2 Bxh2 10. Rxg7 Qf6 11. Rg2 Bd6 12. e4 Qxd4 13. Be3 Qf6 14. exd5 Ne5 15. O-O-O exd5 16. cxd5 Bf5 17. Qb3 Qe7 18. dxc6 bxc6 19. Qa4 Bg6 20. Nd5 Qb7 21. Nf6+ Ke7 22. Bg5 h6 23. Bh4 Rhd8 24. Ne4+ Ke6 25. Rxd6+ Rxd6 26. Nc5+ Kf5 27. Qe4# 1-0


[Site "https://www.chess.com"]

[Event "Titled Tuesday Blitz February 22 Late 2022"]
[White "Zakhartsov, Vladimir"]
[Black "Sviridov, Valery"]
[WhiteFideId "4145097"]
[BlackFideId "4120680"]
[WhiteElo "2432"]
[BlackElo "2454"]
[Result "0-1"]
[Round "06"]
[TimeControl "180+1"]
[Date "2022.02.22"]
[WhiteClock "0:00:01"]
[BlackClock "0:00:04"]

1. d4 g6 2. e4 Bg7 3. Nf3 d6 4. Bc4 e6 5. c3 b6 6. h4 h6 7. d5 e5 8. h5 g5 9. Nbd2 Ne7 10. Nf1 f5 11. exf5 Nxf5 12. Ne3 O-O 13. Qe2 a5 14. a4 Na6 15. Nxf5 Rxf5 16. Be3 Nc5 17. Bxc5 bxc5 18. Bd3 Rf4 19. Nd2 Rb8 20. Bb5 g4 21. Nc4 Ra8 22. g3 Rf8 23. Ne3 Qg5 24. Bd3 Bd7 25. Rh4 e4 26. Bxe4 Rae8 27. Bg6 Re7 28. O-O-O Rf3 29. Kb1 Bxa4 30. Re1 Bd7 31. Bc2 a4 32. Ka2 Ref7 33. Nd1 Qe5 34. Qxe5 Bxe5 35. Re4 c6 36. dxc6 Bxc6 37. Rexg4+ Kf8 38. Bxa4 Bd5+ 39. Kb1 Rb7 40. Kc1 Re7 41. Bc2 Bf6 42. Rh1 Be6 43. Re4 d5 44. Re2 d4 45. Be4 Bg5+ 46. Kb1 Rf6 47. f4 Bc4 48. Ree1 Rfe6 49. fxg5 Rxe4 50. Rxe4 Rxe4 51. gxh6 Kg8 52. cxd4 cxd4 53. Nf2 Re2 54. Ng4 d3 55. Nf6+ Kh8 56. Rd1 Bb3 57. Rc1 Bc2+ 58. Ka2 d2 59. Rxc2 Re8 60. Rxd2 Ra8+ 61. Kb1 Rf8 62. Ne4 Rf1+ 0-1


[Site "https://www.chess.com"]

[Event "Titled Tuesday Blitz February 22 Late 2022"]
[White "Zeynalli, Rashad"]
[Black "Zong, Davis"]
[WhiteFideId "13403320"]
[BlackFideId "30903955"]
[WhiteElo "2125"]
[BlackElo "2061"]
[Result "1-0"]
[Round "06"]
[TimeControl "180+1"]
[Date "2022.02.23"]
[WhiteClock "0:01:31"]
[BlackClock "0:00:03"]

1. e4 c5 2. Nf3 d6 3. d4 cxd4 4. Nxd4 Nf6 5. Nc3 a6 6. Be3 Nc6 7. f3 e6 8. Qd2 Be7 9. O-O-O Qc7 10. g4 b5 11. Kb1 O-O 12. g5 Nd7 13. h4 Nb6 14. g6 fxg6 15. h5 gxh5 16. Rxh5 Ne5 17. Qh2 b4 18. Rxh7 bxc3 19. Qh5 Nf7 20. Bh3 Qc5 21. Qg6 Bf6 22. Nxe6 Qe5 23. f4 Qxe6 24. Bxe6 Bxe6 25. Rg1 1-0


[Site "https://www.chess.com"]

[Event "Titled Tuesday Blitz February 22 Late 2022"]
[White "Zhou, Qiyu"]
[Black "Bauer, Thomas"]
[WhiteFideId "505161"]
[BlackFideId "1639293"]
[WhiteElo "1925"]
[BlackElo "2220"]
[Result "1-0"]
[Round "06"]
[TimeControl "180+1"]
[Date "2022.02.23"]
[WhiteClock "0:00:03"]
[BlackClock "0:00:01"]

1. e4 Nf6 2. e5 Ng8 3. d4 d6 4. Nf3 dxe5 5. Nxe5 Nf6 6. Nc3 g6 7. Be2 Bg7 8. O-O O-O 9. Bf4 c6 10. Qd2 Nbd7 11. Rad1 Nb6 12. h3 Be6 13. b3 a5 14. a4 Qc8 15. Bh2 Rd8 16. Bf3 Nfd5 17. Nxd5 Bxd5 18. Qe2 Qe6 19. Bg4 f5 20. Bf3 Bxf3 21. Qxf3 Nd5 22. Rfe1 Nb4 23. c3 Nc2 24. Re2 Qxb3 25. Qd3 Na3 26. Ra1 Bxe5 27. Rxe5 Rd7 28. Rae1 Re8 29. Bf4 Nc2 30. R1e2 Nxd4 31. Re1 Red8 32. Qg3 Nc2 33. R1e2 Rd1+ 34. Kh2 Qb1 35. Qf3 Rh1+ 36. Kg3 Ne1 37. Qe3 Rg1 38. Rxe1 Rxe1 39. Qxe1 Qd3+ 40. Kh2 Qc4 41. Rxe7 Qxf4+ 42. g3 Qc4 43. Rxb7 Qd5 44. Qe7 h5 45. Qg7# 1-0


[Site "https://www.chess.com"]

[Event "Titled Tuesday Blitz February 22 Late 2022"]
[White "Al Hosani, Omran"]
[Black "Qashashvili, Alexandre"]
[WhiteFideId "9308733"]
[BlackFideId "13600842"]
[WhiteElo "2246"]
[BlackElo "2316"]
[Result "0-1"]
[Round "07"]
[TimeControl "180+1"]
[Date "2022.02.23"]
[WhiteClock "0:00:08"]
[BlackClock "0:00:05"]

1. e4 d5 2. exd5 Qxd5 3. Nc3 Qa5 4. d4 Bf5 5. Nf3 Nf6 6. Bc4 e6 7. O-O c6 8. Ne5 Nbd7 9. Re1 Nxe5 10. Rxe5 Qc7 11. Qe2 Ng4 12. Bf4 Nxe5 13. Bxe5 Bd6 14. f4 O-O 15. g4 Bxe5 16. dxe5 Qb6+ 17. Kg2 Qxb2 18. Rb1 Qxc3 19. gxf5 b5 20. Bd3 exf5 21. Bxf5 Rad8 22. Bd3 g6 23. Rf1 Rd4 24. Rf3 Qc5 25. h4 Re8 26. h5 Qd5 27. hxg6 hxg6 28. Kg3 Kg7 29. c3 Ra4 30. c4 bxc4 31. Be4 Qe6 32. Qc2 Rb4 33. Qc3 Rbb8 34. Kf2 Rb5 35. Qd4 Reb8 36. Re3 Rb2+ 37. Kg3 Rb1 38. Bxb1 Rxb1 39. Qe4 Rg1+ 40. Kf2 Qg4 41. Qf3 Qxf3+ 42. Rxf3 Rc1 43. Ra3 Rc2+ 44. Ke3 c3 45. Kd3 Rc1 46. Rxa7 Rd1+ 47. Kxc3 Rf1 48. Ra4 g5 49. fxg5 Kg6 50. Rc4 Kxg5 51. Rxc6 Rc1+ 0-1


[Site "https://www.chess.com"]

[Event "Titled Tuesday Blitz February 22 Late 2022"]
[White "Ansh M Shah"]
[Black "Domingo Nunez, Alejandro"]
[WhiteFideId "25033379"]
[BlackFideId "22245561"]
[WhiteElo "1819"]
[BlackElo "2215"]
[Result "0-1"]
[Round "07"]
[TimeControl "180+1"]
[Date "2022.02.23"]
[WhiteClock "0:00:06"]
[BlackClock "0:00:21"]

1. d4 g6 2. c4 Bg7 3. g3 d6 4. Bg2 Nd7 5. Nf3 Ngf6 6. O-O O-O 7. Nc3 c5 8. e4 Rb8 9. h3 Ne8 10. Be3 b6 11. Rc1 Nc7 12. b3 a6 13. Nd5 Ne6 14. Qd2 Re8 15. Rfd1 Bb7 16. Nc3 b5 17. d5 Nc7 18. Bh6 Bh8 19. Bg5 Bc8 20. Ne2 bxc4 21. bxc4 Rb2 22. Rc2 Rb4 23. Nc1 Nb6 24. Qd3 Bd7 25. Nb3 Na4 26. Rb1 Qc8 27. Kh2 Qb8 28. Bd2 Rb7 29. Rcc1 Nb2 30. Qc2 Na4 31. Na5 Rb2 32. Rxb2 Qxb2 33. Qxb2 Bxb2 34. Rb1 Rb8 35. Nb3 Bc3 36. Bf1 Rb4 37. Bd3 Bxd2 38. Nbxd2 Nc3 39. Rxb4 cxb4 40. Nb3 Nxa2 41. c5 Ba4 42. Nfd4 dxc5 43. Nxc5 Bd1 44. Nxa6 Nxa6 45. Bxa6 b3 46. Bc4 Nc1 47. Bxb3 Nxb3 48. Nc6 Kf8 49. f4 Bf3 50. Ne5 Bxe4 51. d6 exd6 52. Ng4 Kg7 53. Nf2 d5 54. Kg1 Nd2 55. Nd1 d4 56. Kf2 Nc4 57. Ke2 d3+ 58. Kf2 d2 59. Nc3 Bc2 60. Ke2 h5 61. g4 h4 62. g5 Kf8 0-1


[Site "https://www.chess.com"]

[Event "Titled Tuesday Blitz February 22 Late 2022"]
[White "Antonio, Jorge Carlos"]
[Black "Kostiukov, Alexandr"]
[WhiteFideId "113190"]
[BlackFideId "14108100"]
[WhiteElo "2247"]
[BlackElo "2202"]
[Result "1/2-1/2"]
[Round "07"]
[TimeControl "180+1"]
[Date "2022.02.23"]
[WhiteClock "0:00:04"]
[BlackClock "0:00:49"]

1. e4 c5 2. Nf3 g6 3. c3 Bg7 4. d4 cxd4 5. cxd4 d5 6. e5 Nc6 7. Bf4 Bg4 8. Bb5 Nh6 9. Nbd2 Nf5 10. h3 Bxf3 11. Bxc6+ bxc6 12. Nxf3 h5 13. Qd2 e6 14. O-O O-O 15. b4 a5 16. bxa5 Qxa5 17. Qxa5 Rxa5 18. Rfc1 Ra6 19. a4 Rfa8 20. Be3 Nxe3 21. fxe3 Bf8 22. Rc2 Rxa4 23. Rxa4 Rxa4 24. Rxc6 Ra1+ 25. Kf2 Ra2+ 26. Kg3 Re2 27. Rc3 Bh6 28. Rc8+ Kg7 29. Rc3 Bxe3 30. h4 Bd2 31. Rb3 Be1+ 32. Kh3 Bf2 33. g4 hxg4+ 34. Kxg4 Re4+ 35. Kh3 Bxd4 36. Rb7 Bxe5 37. Ng5 Rf4 38. Nxe6+ Kf6 39. Nxf4 Bxf4 40. Kg4 Be3 41. h5 gxh5+ 42. Kxh5 Ke6 43. Kg4 f5+ 44. Kf3 d4 45. Rb3 Ke5 46. Rb5+ Kf6 47. Rb6+ Kg5 48. Rb5 Bg1 49. Rd5 Be3 50. Rd7 Kf6 51. Rd5 Ke6 52. Rb5 f4 53. Ke4 Kd6 54. Rh5 Kc6 55. Rf5 Kd6 56. Rxf4 Bxf4 57. Kxd4 1/2-1/2


[Site "https://www.chess.com"]

[Event "Titled Tuesday Blitz February 22 Late 2022"]
[White "Avila Pavas, Santiago"]
[Black "Yang, Kaiqi"]
[WhiteFideId "4437128"]
[BlackFideId "8604398"]
[WhiteElo "2729"]
[BlackElo "2541"]
[Result "1-0"]
[Round "07"]
[TimeControl "180+1"]
[Date "2022.02.23"]
[WhiteClock "0:00:13"]
[BlackClock "0:00:12"]

1. d4 d5 2. Bf4 c5 3. e3 Nc6 4. c3 Nf6 5. Nd2 Qb6 6. Qb3 c4 7. Qc2 g6 8. e4 Nxe4 9. Nxe4 dxe4 10. Bxc4 Bg7 11. Ne2 O-O 12. O-O e5 13. dxe5 Nxe5 14. Bxe5 Bxe5 15. Qxe4 Qc7 16. Ng3 Bd7 17. Rfe1 Rae8 18. Qh4 Bc6 19. Bb3 Bf4 20. Qg4 Kh8 21. Qh4 Kg7 22. Ne2 Be5 23. Nd4 Bf6 24. Qg4 Bd7 25. Qf3 h5 26. h3 Rxe1+ 27. Rxe1 Re8 28. Rxe8 Bxe8 29. Qd5 Bc6 30. Nxc6 bxc6 31. Qc4 Be5 32. h4 c5 33. g3 Qe7 34. Qd5 Bd6 35. Kg2 Qf6 36. Qb7 Qe7 37. Qc6 Qe5 38. Bd5 Qf6 39. Bc4 Qe7 40. Qd5 Qf6 41. Qd3 Qe5 42. Qf3 Qf6 43. Qd5 Qe7 44. a4 Kf8 45. a5 Kg7 46. Ba2 Bc7 47. b4 cxb4 48. cxb4 Qf6 49. Qc4 Qd6 50. Qxf7+ Kh6 51. Qc4 Kg7 52. Qg8+ Kf6 53. Qf7+ Ke5 54. Qf4# 1-0


[Site "https://www.chess.com"]

[Event "Titled Tuesday Blitz February 22 Late 2022"]
[White "Avramidou, Anastasia"]
[Black "Rorrer, Grayson"]
[WhiteFideId "4239873"]
[BlackFideId "30944996"]
[WhiteElo "2546"]
[BlackElo "2743"]
[Result "0-1"]
[Round "07"]
[TimeControl "180+1"]
[Date "2022.02.23"]
[WhiteClock "0:00:03"]
[BlackClock "0:01:36"]

1. Nf3 Nf6 2. d3 d5 3. Nbd2 c6 4. g3 Bg4 5. Bg2 e6 6. O-O Be7 7. c4 O-O 8. h3 Bh5 9. Qb3 Qb6 10. Qxb6 axb6 11. cxd5 exd5 12. Nb3 Nbd7 13. Re1 Ra4 14. a3 b5 15. Bd2 Rfa8 16. g4 Bg6 17. Nh4 Nc5 18. Nxc5 Bxc5 19. Nxg6 hxg6 20. Rac1 Bf8 21. e4 dxe4 22. dxe4 b4 23. e5 Nd7 24. e6 fxe6 25. axb4 Bxb4 26. Bxb4 Rxb4 27. Rxe6 Nf8 28. Re7 Rxb2 29. Bf1 Nh7 30. Bc4+ Kh8 0-1


[Site "https://www.chess.com"]

[Event "Titled Tuesday Blitz February 22 Late 2022"]
[White "Baches Garcia, Guillermo"]
[Black "Papp, Levente"]
[WhiteFideId "2209764"]
[BlackFideId "751243"]
[WhiteElo "2398"]
[BlackElo "2308"]
[Result "1-0"]
[Round "07"]
[TimeControl "180+1"]
[Date "2022.02.23"]
[WhiteClock "0:00:11"]
[BlackClock "0:00:03"]

1. e4 e6 2. Nf3 d5 3. exd5 exd5 4. d4 Nc6 5. Bb5 Bd6 6. c4 dxc4 7. d5 a6 8. Ba4 b5 9. dxc6 bxa4 10. Qxa4 Ne7 11. O-O O-O 12. Nbd2 Rb8 13. a3 Be6 14. Nxc4 Bd5 15. Nxd6 Bxf3 16. gxf3 Qxd6 17. Bf4 Qg6+ 18. Bg3 Rxb2 19. Qxa6 Nxc6 20. Rfc1 Rb6 21. Qc4 Na5 22. Qxc7 Nb3 23. Rab1 h5 24. h4 Nxc1 25. Rxb6 Ne2+ 26. Kg2 Qd3 27. Rb8 Rxb8 28. Qxb8+ Kh7 29. Qd6 Qb1 30. Bh2 Qf5 31. Qe5 Qg6+ 32. Kh3 Nc1 33. Qg5 Qe6+ 34. Kg2 g6 35. Qxc1 Qb3 36. Bg3 Qa4 37. Qe3 Qa6 38. Qc3 Kg8 39. Qb4 g5 40. a4 g4 41. fxg4 Qc6+ 42. Kh2 Qf3 43. gxh5 f5 44. Qf4 Qd1 45. Qg5+ Kh8 46. Qxf5 Qxa4 47. Be5+ Kg8 48. Qg6+ Kf8 49. Bd6# 1-0


[Site "https://www.chess.com"]